 Dungeon Crawl Stone Soup version 0.19.5 (webtiles) character file.

11538 Yarinad the Carver (level 11, -4/99 HPs)
             Began as a Minotaur Fighter on Apr 18, 2017.
             Slain by a catoblepas (10 damage)
             ... on level 13 of the Dungeon.
             The game lasted 00:42:14 (7966 turns).

Yarinad the Carver (Minotaur Fighter)               Turns: 7966, Time: 00:42:15

Health: -4/99      AC: 16    Str: 22    XL:     11   Next: 50%
Magic:  10/10      EV:  2    Int:  5    God:    Xom [....*.]
Gold:   596        SH:  0    Dex: 18    Spells: 0 memorised, 10 levels left

rFire  . . .     SeeInvis .     a - +3 long sword (flame)
rCold  + + .     Gourm    .     t - +1 ring mail "Jodghus" {rC+ Dex+4}
rNeg   + + +     Faith    .     h - +1 large shield {AC+3}
rPois  ∞         Spirit   .     (helmet restricted)
rElec  .         Reflect  .     i - +2 cloak
rCorr  +         Harm     +     (no gloves)
MR     .....     Clarity  +     (no boots)
Stlth  +.........               G - amulet of harm
                                v - +5 ring of evasion
                                n - ring of resist corrosion

@: petrified
A: retaliatory headbutt, hooves 1, horns 2, molten scales 2, agile 1, clarity,
cold resistance 1, poison resistance
a: Renounce Religion


You were on level 13 of the Dungeon.
You worshipped Xom.
You were a beloved toy of Xom.
You were not hungry.

You visited 3 branches of the dungeon, and saw 13 of its levels.
You also visited: Sewer.

You collected 816 gold pieces.
You spent 220 gold pieces at shops.

Inventory:

Hand Weapons
 a - a +3 long sword of flaming (weapon)
 q - a +3 vampiric rapier
 O - a +0 dire flail
Armour
 b - a +1 scale mail
 h - a +1 large shield of protection (worn)
 i - a +2 cloak (worn)
 t - the +1 ring mail "Jodghus" (worn) {rC+ Dex+4}
   (You found it in a sewer)

   It affects your dexterity (+4).
   It protects you from cold.
 M - a +0 ring mail
Jewellery
 n - a ring of resist corrosion (left hand)
 u - an uncursed amulet of magic regeneration
 v - a +5 ring of evasion (right hand)
 G - an amulet of harm (around neck)
Scrolls
 s - 5 scrolls of remove curse
 w - a scroll of blinking
 D - 2 scrolls of amnesia
 E - 2 scrolls of fog
 J - 2 scrolls of noise
 K - 4 scrolls of teleportation
 S - a scroll of holy word
 T - a scroll of recharging
 W - a scroll of fear {unknown}
Potions
 d - 2 potions of might
 e - a potion of mutation
 k - 6 potions of curing
 l - a potion of ambrosia {unknown}
 p - a potion of lignification {unknown}
 r - 6 potions of flight {unknown}
 x - a potion of invisibility {unknown}
 z - 2 potions of degeneration {unknown}
 A - 2 potions of berserk rage {unknown}
 N - a potion of brilliance {unknown}
 R - a potion of heal wounds
 U - a potion of cancellation {unknown}
 Z - a potion of agility {unknown}
Books
 j - a book of Death

   Spells                             Type                      Level
   a - Corpse Rot                     Necromancy                   2
   b - Sublimation of Blood           Necromancy                   2
   c - Agony                          Necromancy                   5
   d - Dispel Undead                  Necromancy                   5
   e - Excruciating Wounds            Charms/Necromancy            5
   f - Bolt of Draining               Conjuration/Necromancy       5
 m - a book of Misfortune

   Spells                             Type                      Level
   a - Confusing Touch                Hexes                        1
   b - Confuse                        Hexes                        3
   c - Gell's Gravitas                Hexes/Translocation          3
   d - Petrify                        Transmutation/Earth          4
   e - Metabolic Englaciation         Hexes/Ice                    5
   f - Yara's Violent Unravelling     Hexes/Transmutation          5
 B - a book of Debilitation

   Spells                             Type                      Level
   a - Corona                         Hexes                        1
   b - Slow                           Hexes                        2
   c - Gell's Gravitas                Hexes/Translocation          3
   d - Inner Flame                    Hexes/Fire                   3
   e - Cause Fear                     Hexes                        4
   f - Leda's Liquefaction            Hexes/Earth                  4
 P - a book of Frost

   Spells                             Type                      Level
   a - Freeze                         Ice                          1
   b - Throw Frost                    Conjuration/Ice              2
   c - Ozocubu's Armour               Charms/Ice                   3
   d - Throw Icicle                   Conjuration/Ice              4
   e - Summon Ice Beast               Ice/Summoning                4
 Q - a book of Callings

   Spells                             Type                      Level
   a - Summon Small Mammal            Summoning                    1
   b - Call Imp                       Summoning                    2
   c - Call Canine Familiar           Summoning                    3
   d - Summon Guardian Golem          Hexes/Summoning              3
   e - Summon Lightning Spire         Summoning/Air                4
   f - Summon Ice Beast               Ice/Summoning                4
 X - a book of Necromancy

   Spells                             Type                      Level
   a - Pain                           Necromancy                   1
   b - Animate Skeleton               Necromancy                   1
   c - Vampiric Draining              Necromancy                   3
   d - Regeneration                   Charms/Necromancy            3
   e - Animate Dead                   Necromancy                   4
   f - Control Undead                 Necromancy                   4
Comestibles
 c - 4 meat rations
 f - 9 bread rations
 g - 8 beef jerkies
 o - a slice of pizza
 C - 2 royal jellies


   Skills:
 - Level 10.1 Fighting
 + Level 13.9 Long Blades
 - Level 4.6 Armour
 - Level 0.1 Stealth
 * Level 13.0 Shields
 - Level 3.1 Unarmed Combat


You had 10 spell levels left.
You didn't know any spells.

Dungeon Overview and Level Annotations

Branches:
Dungeon (10/15)            Temple (1/1) D:6            Lair (1/6) D:8
    Orc: D:9-12

Altars:
Ashenzari
Cheibriados
Dithmenos
Elyvilon
Fedhas
Gozag
Hepliaklqana
Kikubaaqudgha
Makhleb
Nemelex Xobeh
Okawaru
Qazlal
Ru
Sif Muna
Trog
Uskayaw
Vehumet
Xom
Yredelemnul
Zin
The Shining One

Shops:
D:5 ?   D:8 [%}

Annotations:
D:5 Hasye's ghost, novice MfIE


Innate Abilities, Weirdness & Mutations

You reflexively headbutt those who attack you in melee.
You have a pair of horns on your head.
You have large cloven feet.
You are mostly covered in molten scales. (AC +3)
You are agile. (Dex +2)
You possess an exceptional clarity of mind.
Your flesh is cold resistant. (rC+)
Your system is resistant to poisons. (rPois)


Message History

The troll claws you but does no damage. The troll claws you.
* * * LOW HITPOINT WARNING * * *
The catoblepas gores you but does no damage.
Your dagger hits the catoblepas. Your dagger hits the catoblepas.
The troll bites you.
* * * LOW HITPOINT WARNING * * *
The troll claws you but does no damage. x2; The centaur wields a shortbow.
The centaur shoots an arrow.
The arrow hits your dagger.
The catoblepas gores you but does no damage.
A centaur comes into view. It is wielding a shortbow.
Your dagger hits the catoblepas!
The centaur moves out of view.
The troll bites you but does no damage. The troll claws you.
* * * LOW HITPOINT WARNING * * *
The troll claws you but does no damage. The catoblepas gores you!!
* * * LOW HITPOINT WARNING * * *
Your dagger hits the catoblepas. The troll bites you but does no damage.
The troll claws you but does no damage. The troll claws you.
* * * LOW HITPOINT WARNING * * *
The catoblepas gores you!!
You die...

.....# ..#... ###....
.#.... #.# .# #......
...... ...# .##.....#
....##. ...#
........##....... ..#
................ ..#.
..#........c.... ...#
...#......#...... ..#.
......Y@........# .#..
...$..T(........#
..........................
..........................
..........................
..........................
.................)........
...##.....##.............#
#.## #..)##...............


You could see a catoblepas, a troll, a centaur and a friendly dagger.

Vanquished Creatures
  3 hill giants
  Pikel (D:7)
  A gargoyle (D:13)
  A water nymph (D:13)
  A centaur skeleton (D:10)
  Joseph (D:7)
  Prince Ribbit (D:7)
  A two-headed ogre (D:9)
  6 hippogriffs
  3 slime creatures (D:13)
  A vampire (D:10)
  A wyvern (D:8)
  Eustachio (D:6)
  6 yaks (D:13)
  3 wargs (D:8)
  2 black bears
  5 orc warriors
  5 sky beasts
  3 ice beasts
  A necrophage (D:6)
  5 centaurs
  6 ogres
  A crocodile (Lair:1)
  A big kobold (Sewer)
  6 bullfrogs
  A scorpion (D:10)
  3 wights (D:8)
  A centaur zombie (D:6)
  A crimson imp (D:13)
  5 hounds
  4 jellies
  A quasit (D:10)
  6 orc priests
  2 bullfrog skeletons
  Crazy Yiuf (D:7)
  13 orc wizards
  A gnoll shaman (D:6)
  3 iguanas
  5 worker ants
  2 hound zombies
  A hound skeleton (D:4)
  A worker ant zombie (D:6)
  11 gnolls
  9 adders
  A howler monkey skeleton (D:5)
  2 shadow imps
  An ooze (Sewer)
  5 worms
  A dart slug (D:1)
  4 leopard geckos
  45 orcs
  4 ball pythons
  6 giant cockroaches
  3 goblins
  12 hobgoblins
  7 jackals
  2 quokkas
  6 bats
  8 frilled lizards
  A jackal zombie (D:8)
  28 kobolds
  2 leopard gecko skeletons (D:4)
  A leopard gecko zombie (D:5)
  6 rats
  2 plants
284 creatures vanquished.

Vanquished Creatures (collateral kills)
  A slime creature (D:13)
  A wyvern (D:13)
  An orc warrior (D:13)
  An orc wizard (D:13)
  3 orcs
7 creatures vanquished.

Grand Total: 291 creatures vanquished

Notes
Turn   | Place    | Note
-------+----------+-------------------------------------------
     0 | D:1      | Yarinad the Minotaur Fighter began the quest for the Orb.
     0 | D:1      | Reached XP level 1. HP: 19/19 MP: 0/0
   129 | D:1      | Reached XP level 2. HP: 27/27 MP: 1/1
   175 | D:1      | Reached XP level 3. HP: 12/34 MP: 2/2
   868 | D:3      | Reached skill level 5 in Fighting
   868 | D:3      | Reached XP level 4. HP: 33/42 MP: 3/3
  1187 | D:3      | Reached XP level 5. HP: 33/48 MP: 4/4
  1294 | D:3      | Found a glowing drain.
  1307 | Sewer    | Entered a sewer
  1343 | Sewer    | Reached skill level 5 in Shields
  1353 | Sewer    | Got a faintly humming ring mail
  1354 | Sewer    | Identified the cursed +1 ring mail "Jodghus" {rC+ Dex+4} (You found it in a sewer)
  2263 | D:4      | Reached XP level 6. HP: 54/56 MP: 5/5
  2479 | D:4      | Found a snail-covered altar of Cheibriados.
  2536 | D:4      | Found a white marble altar of Elyvilon.
  2673 | D:5      | Entered Level 5 of the Dungeon
  2691 | D:5      | Noticed a sky beast
  2711 | D:5      | Killed a sky beast
  2711 | D:5      | Reached XP level 7. HP: 23/64 MP: 6/6
  2768 | D:5      | Found Usucs's Magic Scroll Shop.
  2787 | D:5      | Bought a scroll of brand weapon for 220 gold pieces
  2824 | D:5      | Noticed Hasye's ghost (novice MfIE)
  3022 | D:6      | Reached XP level 8. HP: 52/73 MP: 7/7
  3132 | D:6      | Found a staircase to the Ecumenical Temple.
  3142 | Temple   | Entered the Ecumenical Temple
  3384 | Temple   | Became a worshipper of Xom of Chaos
  3502 | D:6      | Noticed Eustachio
  3528 | D:6      | Killed Eustachio
  3622 | D:6      | XOM: potion effect (agility)
  3628 | D:6      | Reached skill level 10 in Shields
  3725 | D:6      | XOM: divination: detect items
  3754 | D:6      | XOM: mild Ice miscast
  3800 | D:6      | Reached skill level 5 in Long Blades
  3809 | D:6      | Found a shimmering altar of Xom.
  4311 | D:6      | XOM: divination: detect items
  4363 | D:7      | Noticed a hippogriff
  4363 | D:7      | XOM: confuse monster(s)
  4373 | D:7      | Noticed Prince Ribbit
  4379 | D:7      | XOM: confuse monster(s)
  4380 | D:7      | Noticed Joseph
  4381 | D:7      | XOM: potion effect (brilliance)
  4385 | D:7      | XOM: cast spell 'Ice Form'
  4387 | D:7      | Killed a hippogriff
  4394 | D:7      | Killed Joseph
  4394 | D:7      | Reached skill level 1 in Unarmed Combat
  4394 | D:7      | Reached XP level 9. HP: 44/83 MP: 8/8
  4408 | D:7      | XOM: divination: detect items
  4410 | D:7      | Killed Prince Ribbit
  4615 | D:7      | Gained mutation: You are partially covered in molten scales. (AC +2) [potion of beneficial mutation]
  4713 | D:7      | Found a runed door.
  4717 | D:7      | Noticed Crazy Yiuf
  4720 | D:7      | Killed Crazy Yiuf
  4924 | D:7      | Noticed Pikel
  4934 | D:7      | XOM: confuse monster(s)
  4944 | D:7      | Killed Pikel
  5096 | D:7      | XOM: give mutations
  5096 | D:7      | Gained mutation: You possess an exceptional clarity of mind. [Xom's grace]
  5096 | D:7      | Gained mutation: You have large cloven feet. [Xom's grace]
  5249 | D:7      | XOM: god gift: blackened bone wand {god gift}
  5254 | D:7      | Reached skill level 10 in Long Blades
  5310 | D:8      | XOM: enchant monster (good)
  5484 | D:8      | Reached XP level 10. HP: 88/92 MP: 9/9
  5513 | D:8      | Found a shadowy altar of Dithmenos.
  5521 | D:8      | Found Honuss's Food Shoppe.
  5557 | D:8      | Found a staircase to the Lair.
  5596 | D:8      | XOM: harmless Erth miscast
  5605 | D:8      | Reached skill level 10 in Fighting
  5622 | D:8      | Found Onyguje's Antique Armour Emporium.
  5658 | D:8      | XOM: harmless Hex miscast
  5697 | D:8      | XOM: confuse monster(s)
  5766 | D:8      | XOM: mild Divn miscast
  5832 | D:8      | XOM: god gift: 23 stones
  5912 | D:8      | Found Roin Oqoim's Gadget Shop.
  6088 | Lair:1   | Entered Level 1 of the Lair of Beasts
  6132 | Lair:1   | Noticed a black mamba
  6135 | Lair:1   | Noticed an orb spider
  6135 | Lair:1   | a black mamba changed into an orb spider
  6135 | Lair:1   | XOM: polymorph black mamba -> orb spider
  6155 | Lair:1   | XOM: cast spell 'Ice Form'
  6162 | Lair:1   | XOM: scenery: 1 doors open
  6434 | D:9      | Found a sacrificial altar of Ru.
  6497 | D:9      | Found a glowing golden altar of the Shining One.
  6497 | D:9      | Found an iron altar of Okawaru.
  6640 | D:9      | Noticed a hill giant
  6644 | D:9      | XOM: cast spell 'Ice Form'
  6648 | D:9      | Killed a hill giant
  6733 | D:9      | XOM: god gift: dire flail {god gift}
  6781 | D:9      | XOM: mild Tloc miscast
  6804 | D:9      | XOM: summons 5 friendly demons
  6905 | D:9      | XOM: god gift: 55 gold pieces
  7135 | D:10     | Entered Level 10 of the Dungeon
  7232 | D:10     | Noticed a hill giant
  7237 | D:10     | Killed a hill giant
  7245 | D:10     | XOM: enchant monster (good)
  7263 | D:10     | XOM: scenery: create altars
  7266 | D:10     | XOM: god gift: scroll of recharging
  7315 | D:10     | Reached XP level 11. HP: 35/99 MP: 10/10
  7420 | D:10     | XOM: smoke on damage
  7457 | D:10     | XOM: destruction
  7652 | D:10     | XOM: give mutations
  7652 | D:10     | Gained mutation: Your system is resistant to poisons. (rPois) [Xom's grace]
  7652 | D:10     | Gained mutation: You are mostly covered in molten scales. (AC +3) [Xom's grace]
  7652 | D:10     | Gained mutation: Your flesh is cold resistant. (rC+) [Xom's grace]
  7652 | D:10     | Gained mutation: You are agile. (Dex +2) [Xom's grace]
  7694 | D:10     | You fall through a shaft for 3 floors!
  7694 | D:13     | Noticed a hill giant
  7700 | D:13     | Killed a hill giant
  7714 | D:13     | XOM: divination: detect creatures
  7721 | D:13     | XOM: summons friendly white imp
  7764 | D:13     | XOM: blink monster(s)
  7923 | D:13     | Noticed a hill giant
  7925 | D:13     | a hill giant changed into a water nymph
  7925 | D:13     | XOM: polymorph hill giant -> water nymph
  7949 | D:13     | Noticed a catoblepas
  7966 | D:13     | Slain by a catoblepas

Skill      XL: |  1  2  3  4  5  6  7  8  9 10 11 |
---------------+----------------------------------+-----
Fighting       | 4 5 6 7 9 10 | 10.1
Armour         | 4 |  4.6
Shields        | 4 5 7 9 10 13 | 13.0
Long Blades    | 7 10 13 | 13.9
Unarmed Combat | 1 2 3 |  3.1
Stealth        | |  0.1

Action                   |  1- 3 |  4- 6 |  7- 9 | 10-12 || total
-------------------------+-------+-------+-------+-------++-------
Melee: Long sword        |    81 |   198 |   261 |   308 ||   848
       Headbutt          |    11 |    48 |    57 |    91 ||   207
       Unarmed           |       |       |    16 |     7 ||    23
       Kick              |       |       |    19 |   122 ||   141
Evoke: Wand              |       |       |     1 |       ||     1
  Use: Scroll            |     5 |     7 |     9 |     8 ||    29
       Potion            |       |       |     7 |     5 ||    12
 Stab: Confused          |       |       |     1 |       ||     1
  Eat: Bread ration      |       |     2 |     1 |     1 ||     4
       Pizza             |       |     1 |       |       ||     1
       Beef jerky        |       |       |     1 |       ||     1
       Meat ration       |       |       |       |     1 ||     1
Armor: Scale mail        |    34 |    52 |       |       ||    86
       Ring mail         |       |    39 |    80 |   130 ||   249
       Skin              |       |       |     1 |       ||     1
Dodge: Dodged            |    33 |    35 |    51 |    59 ||   178
Block: Large shield      |    36 |   163 |   288 |   278 ||   765
       Rpst.: Long sword |    10 |    10 |    14 |    18 ||    52
